AoeStats
← 666

Arabia

509978032Analyzed
1v1 RM · 2d ago on Sep 28, 2026· 30m 58s· 2 players
Game mode
Random Map
Map size
Tiny (2 player)
Population
200
Speed
Normal
Resources
Standard
Victory
Conquest
Starting age
Dark Age
Ending age
Imperial Age
RankedLock teamsTeams togetherTeam positionsShared explorationLock speedFull tech treeHidden civsTurbo modeCheats
Victory
Defeat
🇨🇱 Khmer · Chile
792
+16
🇪🇸 Spanish · Spain
799
-16
666
0:35 Loom
8:57 Feudal Age
10:33 Double-Bit Axe
16:21 Castle Age
SweatySocksJuice
6:15 Loom
15:06 Feudal Age
19:56 Castle Age
19:03 Wheelbarrow
19:54 Town Watch
20:00 Double-Bit Axe
Connection lost

Rejoining the realm…

Still unreachable

The connection could not be restored.

Session expired

The server has moved on; the page needs a fresh start.